 Dungeon Crawl Stone Soup version bcrawl-1.34.4 (webtiles) character file.

Game seed: 3277656434406077589

254386 KristoblXynda the Nimble (level 11, 56/56 HPs)
             Began as a Felid Transmuter on Nov 3, 2021.
             Was the Champion of Dithmenos.
             Got out of the dungeon alive.
             The game lasted 00:26:42 (15151 turns).

KristoblXynda the Nimble (Felid Transmuter)        Turns: 15151, Time: 00:26:42

Health: 56/56      AC:  6    Str: 10    XL:     11   Next: 83%
Magic:  21/21      EV: 29    Int: 15    God:    Dithmenos [******]
Gold:   633        SH:  0    Dex: 17    Spells: 14/22 levels left
                                        Lives:  0   Deaths: 4

rFire    . . .     SeeInvis +     - Teeth and claws (19.5)
rCold    + . .     Gourm    .   (shield unavailable)
rNeg     . . .     Faith    .   (armour unavailable)
rPois    +         Spirit   .   (helmet unavailable)
rElec    .         Reflect  .   o - scarf {repulsion}
rCorr    .         Harm     .   (gloves unavailable)
MR       +....                  (boots unavailable)
Stlth    +++++++++.             t - amulet of rage
HPRegen  0.18/turn              l - ring of poison resistance
MPRegen  0.17/turn              n - +3 ring of protection

@: wreathed by umbra, repel missiles, quick
A: very small, no armour, no weapons or thrown items, stealth, claws 1, fangs 3,
see invisible, carnivore, speed 1, shaggy fur 3, slow metabolism 1, sharp paws
a: Shadow Step, Shadow Form, Renounce Religion, Evoke Berserk Rage


You escaped.
You worshipped Dithmenos.
Dithmenos was exalted by your worship.
You were not hungry.

You visited 3 branches of the dungeon, and saw 14 of its levels.
You also visited: Ossuary and Bailey.

You collected 958 gold pieces.
You spent 325 gold pieces at shops.

Inventory:

Missiles
 a - 313 arrows
Armour
 o - a scarf of repulsion (worn)
Jewellery
 l - a ring of poison resistance (left paw)
 n - a +3 ring of protection (right paw)
 t - an amulet of rage (around neck)
 u - an uncursed ring of protection from fire
Wands
 A - a wand of acid (5)
 C - a wand of digging (18)
Scrolls
 b - 3 scrolls of immolation
 d - a scroll of acquirement {unknown}
 g - 4 scrolls of amnesia
 i - 3 scrolls of identify
 r - a scroll of teleportation
 w - 2 scrolls of fear
 x - a scroll of fog
 y - 2 scrolls of remove curse
 z - 4 scrolls of blinking
Potions
 c - 4 potions of lignification
 f - 2 potions of might
 h - a potion of cancellation
 j - 9 potions of curing
 k - 3 potions of haste
 p - 2 potions of agility
 s - a potion of resistance
 v - 2 potions of mutation
 B - 3 potions of ambrosia
Miscellaneous
 m - a fan of gales (2/2)
Comestibles
 e - 24 rations {!d}


   Skills:
 + Level 5.8 Fighting
 + Level 13.5 Dodging
 - Level 10.1 Stealth
 + Level 12.8 Unarmed Combat
 + Level 6.2 Spellcasting
 + Level 10.7 Transmutations
 - Level 2.0 Invocations
 - Level 10.4 Evocations


You had 14 spell levels left.
You knew the following spells:

 Your Spells              Type           Power        Failure   Level  Hunger
a - Beastly Appendage     Tmut           #####.       1%          1    None
b - Sticks to Snakes      Tmut           #####...     1%          2    None
c - Blade Hands           Tmut           #####.....   4%          5    #####..

Your spell library contained the following spells:

 Spells                   Type           Power        Failure   Level  Hunger
 Passwall                 Tmut/Erth      ###.....     2%          2    None
 Spider Form              Tmut/Pois      ###          4%          3    #......
 Summon Small Mammal      Summ           #...         14%         1    None
 Ice Form                 Ice/Tmut       ###.....     16%         4    ####...
 Call Imp                 Summ           #.....       22%         2    None
 Call Canine Familiar     Summ           #.......     41%         3    #......
 Summon Ice Beast         Ice/Summ       #.......     82%         4    ####...
 Summon Lightning Spire   Summ/Air       #.......     99%         5    #####..


Dungeon Overview and Level Annotations

Branches:
Dungeon (12/12)            Temple (1/1) D:6            Lair (1/6) D:8
    Orc (0/1) D:8          Depths (0/5) D:12
 Vaults: D:11-12

Altars:
Ashenzari
Cheibriados
Dithmenos
Elyvilon
Fedhas
Gozag
Hepliaklqana
Kikubaaqudgha
Lugonu
Makhleb
Nemelex Xobeh
Okawaru
Qazlal
Ru
Sif Muna
Trog
Uskayaw
Vehumet
Wu Jian
Xom
Yredelemnul
Zin
The Shining One

Shops:
D:5 !   D:6 =*(   D:7 !   D:9 :

Annotations:
D:3 1 runed door
D:6 2 transporters, KristoblXynda's ghost, novice DrGl


Innate Abilities, Weirdness & Mutations

You cannot wear almost all types of armour.
You are incapable of wielding weapons or throwing items.
Your paws allow you to move quietly. (Stealth)
You have sharp claws.
You have razor-sharp teeth.
You have supernaturally acute eyesight. (SInv)
You are carnivorous and can eat meat at any time.
You cover ground quickly.
Your thick and shaggy fur keeps you warm. (AC +3, rC+)
You have a slow metabolism.
Your sharp claws are effective at attacking unaware monsters.


Message History

There is a stone staircase leading down here.
There is an open door here.
There is a stone staircase leading up here.
You climb upwards.
There is a stone staircase leading down here.
There is a stone staircase leading up here.
You climb upwards.
Level annotation: 1 runed door
There is a stone staircase leading down here.
There is a stone staircase leading up here.
You climb upwards.
There is a stone staircase leading down here.
There is an open door here.
There is a stone staircase leading up here.
You climb upwards.
There is a stone staircase leading down here.
There is an open door here.
There is a staircase leading out of the dungeon here.
Are you sure you want to leave the Dungeon?
This will make you lose the game!
You have escaped!

#####.####...##.........#.# #.
#..........####'####....#.### #.
#.........##PP#.#PP##.......####
#...†....##P≈≈#.#PPP##....#...##
#######.##P≈≈≈#.#.P.P##...###..#
#.#P≈≈≈≈#.#...PP#...# #...
#####.#P≈≈≈≈#.#..P.P#...###.(.
#.....#######.#######.........
####.###.+......@......+.........
.....# #########.#######......##.
....## #PPP..#.#≈≈≈≈P#......###
.....# #PP...#.#≈≈≈≈P#...######
.....# ##PPP.#.#≈≈≈P##.###.....
.....# ##P.P#.#≈≈P##..###.####
.....# ##PP#.#PP##.....#.#...
.....# ####+####..###.#...#.
....## #......## #.#####.


There were no monsters in sight!

Vanquished Creatures
  An orc warlord (Bailey)
  Josephine (D:10)
  A catoblepas (D:11)
  A centaur warrior (D:9)
  Erolcha (D:10)
  6 two-headed ogres
  A tengu warrior (D:11)
  A fire crab (shapeshifter) (D:10)
  A necromancer (D:12)
  4 cyclopes
  A wizard (D:11)
  A phantasmal warrior (D:12)
  2 orc knights
  2 ugly things
  2 centaur zombies (D:10)
  A komodo dragon (D:9)
  5 trolls
  2 hornets (D:8)
  2 tengu conjurers
  6 slime creatures
  5 hippogriffs
  Sigmund (D:3)
  16 yaks
  A wyvern (D:10)
  6 wraiths
  2 hungry ghosts
  Edmund (D:6)
  A water moccasin (D:5)
  An acid dragon (D:10)
  Duvessa (D:6)
  A soldier ant (D:10)
  13 orc warriors
  5 sky beasts
  3 black bears
  3 ice beasts
  7 ogres
  2 phantoms
  A necrophage (D:8)
  A centaur (D:8)
  A big kobold (D:7)
  8 bullfrogs
  3 elf zombies (D:6)
  2 elf skeletons (D:6)
  A gnoll sergeant (D:8)
  Dowan (D:6)
  A water moccasin zombie (D:6)
  4 scorpions
  5 killer bees (D:11)
  18 wights
  3 orc priests
  6 crimson imps
  3 bullfrog zombies
  6 hounds
  3 jellies
  10 centaur skeletons
  A bullfrog skeleton (D:8)
  2 iguanas
  Terence (D:3)
  2 human skeletons (D:6)
  6 orc wizards
  9 worker ants
  2 hound zombies
  A hound skeleton (D:9)
  22 gnolls
  13 adders
  4 shadow imps
  2 oozes
  2 adder zombies
  2 adder skeletons
  5 worms
  A dart slug (D:3)
  11 leopard geckos
  40 orcs
  A ball python (D:3)
  3 giant cockroaches
  19 hobgoblins
  8 jackals
  15 kobolds
  2 quokkas
  2 ball python skeletons (Ossuary)
  13 bats
  4 frilled lizards
  20 goblins
  2 hobgoblin skeletons (Ossuary)
  2 hobgoblin zombies (Ossuary)
  2 orc skeletons
  4 orc zombies
  A quokka zombie (D:5)
  6 rats
  2 fungi (D:4)
420 creatures vanquished.

Vanquished Creatures (collateral kills)
  A hornet (D:9)
1 creature vanquished.

Vanquished Creatures (others)
  2 fungi (D:4)
2 creatures vanquished.

Grand Total: 423 creatures vanquished

Notes
Turn   | Place    | Note
-------+----------+-------------------------------------------
     0 | D:1      | KristoblXynda the Felid Transmuter began the quest for the
                  | Orb.
     0 | D:1      | Reached XP level 1. HP: 10/10 MP: 4/4
   302 | D:1      | Reached XP level 2. HP: 14/14 MP: 6/6
   330 | D:1      | Reached skill level 3 in Dodging
  1225 | D:2      | Reached XP level 3. HP: 18/18 MP: 7/7
  1587 | D:1      | Learned a level 2 spell: Sticks to Snakes
  2069 | D:2      | Found a white marble altar of Elyvilon.
  2073 | D:2      | Found a shattered altar of Ashenzari.
  2074 | D:2      | Found a hide-covered altar of Uskayaw.
  2075 | D:2      | Found a corrupted altar of Lugonu.
  2501 | D:3      | Reached XP level 4. HP: 23/23 MP: 8/8
  2540 | D:3      | Noticed Terence
  2609 | D:3      | Killed Terence
  2822 | D:3      | Noticed an ogre
  2823 | D:3      | Reached skill level 4 in Dodging
  2845 | D:3      | Mangled by an ogre
  2846 | D:3      | Reached XP level 3. HP: -10/19 MP: 3/7
  2846 | D:3      | Found a white marble altar of Elyvilon.
  2847 | D:3      | Found a runed door.
  2847 | D:3      | Noticed an angel
  2848 | D:3      | Reached skill level 5 in Dodging
  2848 | D:3      | Reached XP level 4. HP: 25/25 MP: 8/8
  2848 | D:3      | Reached XP level 5. HP: 29/29 MP: 9/9
  2848 | D:3      | Gained mutation: You are covered in thick fur. (AC +2)
                  | [Felid growth]
  2848 | D:3      | Reached XP level 6. HP: 33/33 MP: 10/10
  2848 | D:3      | Reached XP level 7. HP: 37/37 MP: 11/11
  3201 | D:3      | Noticed Sigmund
  3202 | D:3      | Reached skill level 6 in Dodging
  3221 | D:3      | Killed Sigmund
  3927 | D:4      | Reached XP level 8. HP: 42/42 MP: 12/12
  4478 | D:5      | Entered Level 5 of the Dungeon
  4510 | D:5      | Reached skill level 5 in Transmutations
  4672 | D:5      | Found a blossoming altar of Fedhas.
  4968 | D:5      | Found a shimmering altar of Xom.
  5035 | D:5      | Noticed a hippogriff
  5036 | D:5      | Reached skill level 5 in Fighting
  5036 | D:5      | Reached skill level 7 in Dodging
  5052 | D:5      | Killed a hippogriff
  5326 | D:5      | Reached skill level 1 in Stealth
  5732 | D:5      | Found Jiseam's Distillery.
  5738 | D:5      | Bought a potion of lignification for 39 gold pieces
  5738 | D:5      | Bought a potion of mutation for 104 gold pieces
  5738 | D:5      | Bought a potion of curing for 32 gold pieces
  5931 | D:6      | Found a radiant altar of Vehumet.
  5984 | D:6      | Found a staircase to the Ecumenical Temple.
  5992 | Temple   | Entered the Ecumenical Temple
  6045 | Temple   | Became a worshipper of Dithmenos the Shadowed
  6085 | D:6      | Noticed Duvessa
  6087 | D:6      | Noticed Dowan
  6112 | D:6      | Killed Duvessa
  6124 | D:6      | Killed Dowan
  6225 | D:6      | Found a transporter.
  6227 | D:6      | Found a transporter.
  6228 | D:6      | Noticed KristoblXynda's ghost (novice DrGl)
  6229 | D:6      | Reached XP level 9. HP: 47/47 MP: 14/16
  6273 | D:6      | Noticed a queen bee
  6277 | D:6      | Reached skill level 8 in Dodging
  6310 | D:6      | Found Sest's Jewellery Emporium.
  6334 | D:6      | Found Suent's Assorted Antiques.
  6345 | D:6      | Found Jozxa's Weapon Shoppe.
  6488 | D:6      | Found a sand-covered staircase.
  6493 | Ossuary  | Entered an ossuary
  6596 | Ossuary  | Noticed a flying skull
  6607 | Ossuary  | Noticed a flying skull
  6633 | Ossuary  | Noticed a flying skull
  6644 | Ossuary  | Reached skill level 5 in Spellcasting
  6723 | Ossuary  | Reached skill level 5 in Stealth
  6830 | Ossuary  | Noticed a flying skull
  6838 | Ossuary  | Reached * piety under Dithmenos
  7125 | D:6      | Found a basalt altar of Yredelemnul.
  7190 | D:6      | Reached skill level 9 in Dodging
  7211 | D:6      | Noticed Edmund
  7212 | D:6      | Reached XP level 10. HP: 51/51 MP: 19/19
  7240 | D:6      | Killed Edmund
  7486 | D:7      | Found a burning altar of Makhleb.
  7524 | D:7      | Reached skill level 1 in Invocations
  7788 | D:7      | Found a bloodstained altar of Trog.
  7832 | D:7      | Found Ifum's Distillery.
  7846 | D:7      | Bought 2 potions of heal wounds for 150 gold pieces
  8414 | D:8      | Reached ** piety under Dithmenos
  8528 | D:8      | Noticed a death yak
  8558 | D:8      | Noticed a death yak
  8560 | D:8      | Found a staircase to the Lair.
  8561 | D:8      | Noticed a death yak
  8562 | D:8      | Reached skill level 10 in Dodging
  8563 | D:8      | Noticed a death yak
  8564 | D:8      | Noticed a death yak
  8565 | D:8      | Noticed a death yak
  8566 | D:8      | Noticed a death yak
  8566 | D:8      | Reached skill level 10 in Unarmed Combat
  8566 | D:8      | Reached XP level 11. HP: 46/54 MP: 20/20
  8567 | D:8      | Slain by a death yak
  8568 | D:8      | Reached XP level 10. HP: -3/50 MP: 19/19
  8661 | D:8      | Found a flagged portal.
  8673 | Bailey   | Entered a bailey
  9178 | Bailey   | Reached *** piety under Dithmenos
  9243 | Bailey   | Noticed an orc knight
  9269 | Bailey   | Killed an orc knight
  9387 | Bailey   | Noticed an orc warlord
  9413 | Bailey   | Killed an orc warlord
  9672 | D:8      | Reached skill level 11 in Dodging
  9795 | D:8      | Found a staircase to the Orcish Mines.
  9816 | D:8      | Reached **** piety under Dithmenos
 10148 | D:9      | Noticed a cyclops
 10161 | D:9      | Killed a cyclops
 10179 | D:9      | Reached skill level 1 in Evocations
 10236 | D:9      | Found an iron altar of Okawaru.
 10328 | D:9      | Noticed a purple ugly thing
 10345 | D:9      | Killed a purple ugly thing
 10514 | D:9      | Found Uzxeisib's Book Boutique.
 10530 | D:9      | Reached XP level 11. HP: 55/55 MP: 20/20
 10551 | D:9      | Learned a level 5 spell: Blade Hands
 10727 | D:9      | Noticed a centaur warrior
 10745 | D:9      | Killed a centaur warrior
 11322 | D:9      | Noticed a cyclops
 11332 | D:9      | HP: 1/55 [cyclops (28)]
 11334 | D:9      | Killed a cyclops
 11491 | D:9      | Reached skill level 12 in Dodging
 11491 | D:9      | Reached skill level 10 in Transmutations
 11491 | D:9      | Reached skill level 5 in Evocations
 11491 | D:9      | Gained mutation: Your thick and shaggy fur keeps you warm.
                  | (AC +3, rC+) [Felid growth]
 11491 | D:9      | Reached XP level 12. HP: 60/60 MP: 21/21
 11493 | D:9      | Reached skill level 10 in Evocations
 11493 | D:9      | Reached XP level 13. HP: 63/63 MP: 22/22
 11621 | D:10     | Entered Level 10 of the Dungeon
 11647 | D:10     | Noticed Erolcha
 12008 | D:10     | Reached ***** piety under Dithmenos
 12043 | D:10     | Killed Erolcha
 12544 | D:10     | Reached skill level 10 in Stealth
 12634 | D:10     | Reached skill level 13 in Dodging
 12877 | D:10     | Noticed Josephine
 12883 | D:10     | Killed Josephine
 14300 | D:11     | Reached ****** piety under Dithmenos
 14549 | D:12     | Entered Level 12 of the Dungeon
 14692 | D:12     | Found a stormy altar of Qazlal.
 14810 | D:12     | Found a staircase to the Depths.
 14828 | D:12     | Annihilated by a phantasmal warrior
 14829 | D:12     | Reached XP level 12. HP: -22/60 MP: 22/22
 14870 | D:12     | Slain by a skeletal warrior
 14871 | D:12     | Reached XP level 11. HP: 0/56 MP: 16/21
 14996 | Lair:1   | Entered Level 1 of the Lair of Beasts
 15151 | D:$      | Got out of the dungeon alive.

Skill      XL: |  1  2  3  4  5  6  7  8  9 10 11 12 13 |
---------------+----------------------------------------+-----
Dodging        | 3 5 4 6 7 9 11 12 13 | 13.5
Unarmed Combat | 4 6 7 8 10 12 | 12.8
Fighting       | 3 4 5 |  5.8
Transmutations | 4 5 6 8 10 | 10.7
Spellcasting   | 4 5 6 |  6.2
Stealth        | 3 5 9 10 | 10.1
Invocations    | 2 |  2.0
Evocations     | 2 5 10 | 10.4

Action                   |  1- 3 |  4- 6 |  7- 9 | 10-12 | 13-15 || total
-------------------------+-------+-------+-------+-------+-------++-------
Melee: Unarmed           |   132 |    36 |   535 |   611 |   410 ||  1724
       Bite              |    12 |     6 |    55 |    73 |    54 ||   200
       Headbutt          |     2 |     3 |    13 |    21 |       ||    39
       Punch             |     2 |     1 |    25 |    20 |    26 ||    74
 Cast: Beastly Appendage |     3 |     2 |     7 |     7 |       ||    19
       Sticks to Snakes  |       |     8 |     2 |     9 |       ||    19
       Blade Hands       |       |       |       |     4 |    12 ||    16
Evoke: Wand              |       |       |       |    19 |       ||    19
  Use: Scroll            |       |       |    13 |     6 |     5 ||    24
       Potion            |       |       |     1 |     7 |       ||     8
 Stab: Sleeping          |     8 |       |    24 |    18 |    14 ||    64
       Distracted        |       |     1 |     2 |     4 |       ||     7
       Held in net/web   |       |       |     1 |       |       ||     1
       Petrified         |       |       |       |       |     1 ||     1
  Eat: Chunk             |    12 |     3 |    14 |    35 |    16 ||    80
       Ration            |       |       |     1 |       |       ||     1
Armor: Skin              |     9 |       |    36 |    20 |    14 ||    79
Dodge: Dodged            |    93 |    20 |   339 |   543 |   436 ||  1431
       Deflected         |       |       |       |       |     2 ||     2
